 Dungeon Crawl Stone Soup version 0.28.0-1-gb440e238dd (webtiles) character file.

Game seed: 13487630166853611520

7 Peloso the Skirmisher (level 1, 0/20 HPs)
             Began as a Minotaur Fighter on Feb 19, 2022.
             Slain by a giant cockroach (2 damage)
             ... on level 1 of the Dungeon.
             The game lasted 00:00:22 (71 turns).

Peloso the Skirmisher (Minotaur Fighter)              Turns: 71, Time: 00:00:23

Health: 0/20       AC:  7    Str: 20    XL:     1   Next: 83%
Magic:  0/0        EV:  9    Int:  5    God:
Gold:   16         SH:  4    Dex:  9    Spells: 0/0 levels left

rFire   . . .      SeeInvis .   a - +0 long sword
rCold   . . .      Faith    .   c - +0 buckler
rNeg    . . .      Spirit   .   b - +0 scale mail
rPois   .          Reflect  .   (helmet restricted)
rElec   .          Harm     .   (no cloak)
rCorr   .          Rampage  .   (no gloves)
Will    .....                   (no boots)
Stlth   ..........              (no amulet)
HPRegen 0.06/turn               (no ring)
MPRegen 0.07/turn               (no ring)

@: no status effects
A: horns 2, retaliatory headbutt
a: no special abilities


You were on level 1 of the Dungeon.
You visited 1 branch of the dungeon, and saw 1 of its levels.

You collected 16 gold pieces.

Inventory:

Hand Weapons
 a - a +0 long sword (weapon)
Armour
 b - a +0 scale mail (worn)
 c - a +0 buckler (worn)
Potions
 d - a potion of might
 e - 2 potions of degeneration {unknown}


   Skills:
 + Level 3.9 Fighting
 + Level 2.5 Long Blades
 + Level 3.8 Armour
 + Level 3.7 Shields


You couldn't memorise any spells.
You didn't know any spells.
Your spell library was empty.

Dungeon Overview and Level Annotations

Branches:
Dungeon (1/15)

Altars:


Innate Abilities, Weirdness & Mutations

You have a pair of horns on your head.
You reflexively headbutt those who attack you in melee.


Message History

You escape the ball python's grasp.
A kobold comes into view. It is wielding a +0 short sword.
The kobold shouts!
The quokka barely misses you.
You see here a frilled lizard corpse.
A giant cockroach comes into view.
The giant cockroach bites you but does no damage.
A ball python comes into view.
The ball python hisses angrily.
The ball python bites you. The ball python grabs you.
The ball python constricts you.
You escape the ball python's grasp.
The bat barely misses you.
You miss the bat. You headbutt the bat.
You kill the bat!
You block the ball python's attack. The ball python grabs you.
The ball python constricts you.
You hit the ball python.
You kill the ball python!
You hit the quokka but do no damage. You headbutt the quokka.
The quokka is moderately wounded.
The ball python barely misses you. The ball python grabs you.
The ball python constricts you. The quokka bites you.
* * * LOW HITPOINT WARNING * * *
The ball python bites you but does no damage.
The ball python constricts you.
The quokka bites you but does no damage.
You escape the ball python's grasp.
You closely miss the quokka. Your headbutt misses the quokka.
The quokka is moderately wounded.
You block the quokka's attack.
The quokka bites you but does no damage.
You barely miss the quokka.
The quokka is moderately wounded.
The quokka bites you.
* * * LOW HITPOINT WARNING * * *
You hit the quokka.
You kill the quokka!
You block the giant cockroach's attack.
You barely miss the giant cockroach. The giant cockroach bites you.
You die...

#.. ####.####
##.......## .####..
##.........## ..#...#
##...........## ......#
#.............# ......##
#.............##........
#.............#K#.......
.......<.....@BSB#......
#.............#g#.......
#.............##gg.....(
#.............#..#......
##...........##.g.......
##.........###g†.......
##......)## #g$#....).
####.#######.........
...#...#.......#.#....


You could see 2 giant cockroaches, 2 hobgoblins, a goblin, a ball python and a
kobold.

Vanquished Creatures
  2 bats (D:1)
  An endoplasm (D:1)
  A quokka (D:1)
  A ball python (D:1)
  2 frilled lizards (D:1)
7 creatures vanquished.

Notes
Turn   | Place    | Note
-------+----------+-------------------------------------------
     0 | D:1      | Peloso the Minotaur Fighter began the quest for the Orb.
     0 | D:1      | Reached XP level 1. HP: 19/19 MP: 0/0
    71 | D:1      | Slain by a giant cockroach

Illustrated notes

Levels and vault maps discovered:
D:1:      psy_arrival_dodecagon, layout_rooms, basic_ecumenical_altar,
          serial_park_tiny_2

Action                   || total
-------------------------++-------
Melee: Long sword        ||    15
       Headbutt          ||     4
Armor: Scale mail        ||    22
Dodge: Dodged            ||    13
Block: Buckler           ||    13
